 Dungeon Crawl Stone Soup version 0.20.0-10-g0535bb4 (webtiles) character file.

179482 Deathclocker the Peltast (level 17, -5/156 HPs)
             Began as a Minotaur Fighter on June 5, 2017.
             Was the Champion of Okawaru.
             Slain by a wolf spider (10 damage)
             ... on level 4 of the Spider Nest.
             The game lasted 01:17:57 (26925 turns).

Deathclocker the Peltast (Minotaur Fighter)        Turns: 26925, Time: 01:17:59

Health: -5/156     AC: 24    Str: 27    XL:     17   Next: 29%
Magic:  31/31      EV: 23    Int:  7    God:    Okawaru [******]
Gold:   2722       SH: 26    Dex: 16    Spells: 16/16 levels left

rFire    . . .     SeeInvis +   x - +3 demon whip (drain)
rCold    + . .     Gourm    +   D - +0 large shield
rNeg     . . .     Faith    .   U - +4 ring mail of the Several Realms {MR+ Regen+}
rPois    +         Spirit   .   y - +2 hat
rElec    .         Reflect  .   a - +2 cloak {+Inv}
rCorr    +         Harm     .   h - +0 pair of gloves
MR       +++..     Rnd*Tele +   X - +2 pair of boots of the Villain {+Blink Int+4}
Stlth    ++........             z - amulet of the gourmand
Regen    0.8/turn               Q - ring of resist corrosion
MPRegen  0.3/turn               r - ring of the Many Planets {rC+ MP+9 Dex+5 SInv}

@: heroism
A: retaliatory headbutt, fangs 1, horns 2, blink, dopey 1, magic resistance 1,
poison resistance, teleportitis 1, MP-powered wands
}: 1/15 runes: decaying
a: Blink, Heroism, Finesse, Renounce Religion, Evoke Blink, Evoke Invisibility


You were on level 4 of the Spider Nest.
You worshipped Okawaru.
Okawaru was exalted by your worship.
You were full.

You visited 6 branches of the dungeon, and saw 29 of its levels.

You collected 2722 gold pieces.

Inventory:

Hand Weapons
 x - a +3 demon whip of draining (weapon)
 O - the +4 eveningstar of Expedience {chaos, rPois Int+3}
   (You took it off a crimson imp on level 9 of the Dungeon)

   Each time it hits an enemy it has a different, random effect.
   It affects your intelligence (+3).
   It protects you from poison.
 T - the +2 great mace of Breach {antimagic, rF+ Int-3 Dex+6, unknown}
   (Okawaru gifted it to you on level 2 of the Spider Nest)

   It reduces the magical energy of the wielder, and disrupts the spells and
   magical abilities of those hit.
   Natural abilities and divine invocations are not affected.
   It affects your intelligence (-3).
   It affects your dexterity (+6).
   It protects you from fire.
Armour
 a - a +2 cloak of invisibility (worn)
 c - a +3 plate armour of poison resistance
 h - a +0 pair of gloves (worn)
 y - a +2 hat (worn)
 D - a +0 large shield (worn)
 U - the +4 ring mail of the Several Realms (worn) {MR+ Regen+}
   (You found it on level 9 of the Dungeon)

   It affects your resistance to hostile enchantments.
   It increases your rate of regeneration.
 X - the +2 pair of boots of the Villain (worn) {+Blink Int+4}
   (Okawaru gifted it to you on level 1 of the Spider Nest)

   It affects your intelligence (+4).
   It lets you blink.
Jewellery
 b - an uncursed ring of protection from fire
 d - a +4 ring of slaying
 r - the ring of the Many Planets (right hand) {rC+ MP+9 Dex+5 SInv}
   (You took it off a crimson imp on level 9 of the Dungeon)

   [ring of magical power]

   It affects your dexterity (+5).
   It protects you from cold.
   It affects your magic capacity (+9).
   It lets you see invisible.
 z - an amulet of the gourmand (around neck)
 Q - a ring of resist corrosion (left hand)
Wands
 e - a wand of disintegration (13/24)
 n - a wand of digging (9/24)
 v - a wand of clouds (6/9)
 W - a wand of digging (11/24)
Scrolls
 g - 12 scrolls of teleportation
 i - a scroll of enchant weapon {unknown}
 s - 8 scrolls of identify
 t - 4 scrolls of fog
 w - 9 scrolls of magic mapping
 C - 4 scrolls of fear
 F - 3 scrolls of enchant armour {unknown}
 I - 3 scrolls of amnesia {unknown}
 J - 2 scrolls of brand weapon {unknown}
 K - 3 scrolls of noise {unknown}
 L - 6 scrolls of blinking
 M - a scroll of summoning {unknown}
 P - 8 scrolls of remove curse
 S - 2 scrolls of recharging
 Y - 3 scrolls of immolation {unknown}
 Z - 2 scrolls of holy word {unknown}
Potions
 j - 6 potions of resistance
 l - 3 potions of brilliance
 m - 3 potions of flight
 o - a potion of agility
 p - 3 potions of lignification
 q - 2 potions of berserk rage
 u - a potion of invisibility {unknown}
 A - 4 potions of cancellation
 B - 9 potions of haste
 E - a potion of might
 N - 6 potions of curing
 R - 4 potions of ambrosia
 V - 2 potions of magic
Comestibles
 f - 18 bread rations
 k - 15 royal jellies
 G - 17 fruits
 H - 8 meat rations


   Skills:
 + Level 15.0(20.0) Fighting
 + Level 19.1(24.1) Maces & Flails
 + Level 11.6(16.6) Armour
 + Level 11.2(16.2) Dodging
 + Level 19.8(24.8) Shields
 + Level 9.0 Invocations


You had 16 spell levels left.
You didn't know any spells.

Dungeon Overview and Level Annotations

Branches:
Dungeon (12/15)            Temple (1/1) D:6            Lair (6/6) D:10
  Swamp (4/4) Lair:2       Spider (4/4) Lair:2        Slime (0/5) Lair:5
    Orc (2/2) D:12            Elf (0/3) Orc:2

Altars:
Ashenzari
Cheibriados
Dithmenos
Elyvilon
Fedhas
Gozag
Hepliaklqana
Kikubaaqudgha
Makhleb
Nemelex Xobeh
Okawaru
Qazlal
Ru
Sif Muna
Trog
Uskayaw
Vehumet
Xom
Yredelemnul
Zin
The Shining One
Jiyva

Shops:
D:4 }   D:7 (=   D:11 (   Orc:2 (=[*

Annotations:
D:3 exclusion: oklob plant


Innate Abilities, Weirdness & Mutations

You reflexively headbutt those who attack you in melee.
You have a pair of horns on your head.
You have very sharp teeth.
You can translocate small distances at will.
You are dopey. (Int -2)
You are resistant to hostile enchantments. (MR+)
Your system is resistant to poisons. (rPois)
You are occasionally teleported next to monsters.
You expend magic power (3 MP) to strengthen your wands.


Message History

* * * LOW HITPOINT WARNING * * *
Unknown command.
The jumping spider leaps!
You block the redback's attack. You block the wolf spider's attack.
The wolf spider closely misses you. You block the wolf spider's attack. x2
You block the redback's attack.
You block the jumping spider's attack. x2
The tarantella bites you but does no damage.
You block the wolf spider's attack. The wolf spider completely misses you.
The jumping spider leaps!
The jumping spider completely misses you.
You block the jumping spider's attack. You block the wolf spider's attack.
The wolf spider closely misses you. x2; You block the wolf spider's attack.
The jumping spider leaps!
The spark wasp seems less drained.
The jumping spider leaps!
You block the wolf spider's attack. x2
The wolf spider hits you but does no damage.
The wolf spider bites you!
* * * LOW HITPOINT WARNING * * *
The wolf spider hits you!
You die...

#^...^#.....^#......#
#.....#^.....#^.....#
#.....#.≈....#......#
##≈...##.....#≈.....#
#^..^.#.§s..#.....≈#
#....^#.sy.≈#....^.#
#^≈..^#^.sss#.....##
#≈.. #.ssss#≈....#
#.^^^#≈.@..#....^#
#^...#.^^.^#.....#
#....≈^...≈^(..^≈#
#..s....§.......^#
###....([.^^...###
#.......####....####
#........## #....†#.#
###.#..#..#
##...†††##
###..#†.###..###...##


You could see a spark wasp, 5 wolf spiders, 2 orb spiders, a jumping spider, a
tarantella and a redback.

Vanquished Creatures
  Jorgrun (Swamp:3)
  Asterion (Spider:1)
  3 thorn hunters (Swamp:1)
  2 orc warlords (Orc:1)
  Aizul (Swamp:3)
  2 emperor scorpions
  A ghost moth (Spider:3)
  4 entropy weavers
  A spark wasp (Spider:4)
  Snorg (Lair:6)
  An ettin (Orc:2)
  Josephine (D:12)
  Fannar (Lair:1)
  3 ghost crabs
  A centaur warrior (D:11)
  26 hydras
  A catoblepas (Lair:1)
  Erica (D:9)
  4 orc high priests
  A two-headed ogre (D:8)
  A death knight (D:9)
  6 alligators
  3 death yaks (Lair:6)
  The ghost of boben the Cudgeler, a novice DsAK of Lugonu (D:7)
  9 swamp dragons
  2 spriggan druids (Swamp:3)
  2 orc knights (Orc:2)
  Pikel (D:6)
  4 shambling mangroves
  15 orb spiders
  A wizard (Swamp:3)
  A lindwurm (Lair:6)
  A manticore (D:11)
  5 orc sorcerers (Orc:2)
  19 wolf spiders
  2 cyclopes
  5 ugly things
  5 elephants
  Psyche (D:8)
  6 centaur zombies
  A moth of wrath (Spider:3)
  2 torpor snails
  6 black mambas
  11 spiny frogs
  4 rime drakes
  10 demonic crawlers
  5 komodo dragons
  A yaktaur (Lair:6)
  7 trolls
  40 jumping spiders
  2 polar bears
  22 blink frogs
  5 bog bodies
  3 tyrant leeches
  19 hornets
  9 hippogriffs
  7 dream sheep
  11 slime creatures
  3 spriggans
  6 wraiths
  4 shadows
  A water elemental (D:12)
  18 tarantellas
  3 hogs (D:9)
  A vampire (D:9)
  47 redbacks
  57 yaks
  2 wyverns
  A human (D:9)
  8 vampire mosquitoes
  Menkaure (D:4)
  2 basilisks
  5 wargs
  A naga (Lair:4)
  22 swamp worms
  A warg (shapeshifter) (Lair:6)
  An acid dragon (D:9)
  Duvessa (D:6)
  12 water moccasins
  10 porcupines
  36 orc warriors
  A slave (D:6)
  16 swamp drakes
  6 phantoms
  2 ice beasts
  2 black bears
  An eye of draining (D:10)
  5 sky beasts
  A wolf (shapeshifter) (Orc:1)
  A tengu (Orc:2)
  14 wolves
  17 ogres
  14 crocodiles
  3 centaurs
  A gnoll sergeant (D:8)
  21 bullfrogs
  Dowan (D:6)
  3 scorpions
  10 killer bees
  17 wights
  7 electric eels
  3 howler monkeys
  8 crimson imps
  A gnoll shaman (D:7)
  12 orc priests
  2 jellies
  3 centaur skeletons
  8 hounds
  14 orc wizards
  8 hell rats
  Ijyb (D:4)
  Natasha (thrice) (D:4)
  2 bullfrog skeletons
  2 iguanas
  8 worker ants
  2 hound zombies
  18 gnolls
  13 adders
  3 river rats (Lair:5)
  A shadow imp (D:5)
  2 oozes
  An adder skeleton (D:4)
  3 worms (D:3)
  2 dart slugs (D:1)
  3 leopard geckos
  60 orcs
  3 ball pythons (D:3)
  4 bats
  7 giant cockroaches
  3 goblins
  6 hobgoblins
  10 jackals
  5 quokkas
  3 frilled lizards
  A kobold (D:1)
  A leopard gecko skeleton (D:5)
  A leopard gecko zombie (D:5)
  A quokka zombie (D:9)
  7 rats
  A butterfly (Lair:2)
  A fungus (Lair:2)
935 creatures vanquished.

Vanquished Creatures (others)
  2 orb spiders
  A torpor snail (Spider:1)
  Grinder (D:6)
  A redback (Spider:3)
  A yak (Lair:5)
  A vampire (D:9)
  An orc (Orc:2)
  8 fungi
  A plant (Lair:2)
17 creatures vanquished.

Grand Total: 952 creatures vanquished

Notes
Turn   | Place    | Note
-------+----------+-------------------------------------------
     0 | D:1      | Deathclocker the Minotaur Fighter began the quest for the Orb.
     0 | D:1      | Reached XP level 1. HP: 19/19 MP: 0/0
   192 | D:1      | Reached XP level 2. HP: 26/27 MP: 1/1
   644 | D:2      | Reached XP level 3. HP: 33/33 MP: 2/2
   971 | D:2      | Found a hazy altar of Hepliaklqana.
   971 | D:2      | Found a radiant altar of Vehumet.
   972 | D:2      | Found a glowing silver altar of Zin.
  1097 | D:2      | Found a white marble altar of Elyvilon.
  1431 | D:3      | Reached XP level 4. HP: 40/40 MP: 3/3
  1769 | D:3      | Found a blossoming altar of Fedhas.
  1772 | D:3      | Found a stormy altar of Qazlal.
  1819 | D:3      | Found a blossoming altar of Fedhas.
  1840 | D:3      | Noticed an oklob plant
  1981 | D:3      | Found a burning altar of Makhleb.
  1983 | D:3      | Noticed a green death
  1987 | D:3      | Noticed a ynoxinul
  1987 | D:3      | Noticed a hellwing
  2134 | D:3      | Reached XP level 5. HP: 46/46 MP: 4/4
  2237 | D:4      | Found a bloodstained altar of Trog.
  2281 | D:4      | Found Woleicapp's Gadget Emporium.
  2354 | D:4      | Noticed Ijyb
  2370 | D:4      | Killed Ijyb
  2370 | D:4      | Reached skill level 5 in Maces & Flails
  2563 | D:4      | Reached XP level 6. HP: 48/53 MP: 5/5
  2713 | D:4      | Noticed Natasha
  2727 | D:4      | Killed Natasha
  2732 | D:4      | Reached skill level 5 in Shields
  2855 | D:4      | Noticed Menkaure
  2862 | D:4      | Killed Menkaure
  2862 | D:4      | Reached XP level 7. HP: 20/60 MP: 6/6
  2934 | D:4      | Noticed Natasha
  2950 | D:4      | Killed Natasha
  2950 | D:4      | Reached skill level 5 in Armour
  3072 | D:4      | Found an ancient bone altar of Kikubaaqudgha.
  3128 | D:4      | Noticed Natasha
  3133 | D:4      | Killed Natasha
  3433 | D:5      | Entered Level 5 of the Dungeon
  3443 | D:5      | Reached skill level 5 in Fighting
  3687 | D:5      | Found a glowing golden altar of the Shining One.
  3909 | D:5      | Reached XP level 8. HP: 61/68 MP: 7/7
  3957 | D:5      | Found a deep blue altar of Sif Muna.
  4211 | D:6      | Noticed Duvessa
  4212 | D:6      | Noticed Dowan
  4215 | D:6      | Killed Duvessa
  4224 | D:6      | Killed Dowan
  4599 | D:6      | Reached skill level 10 in Maces & Flails
  4984 | D:6      | Noticed Pikel
  4991 | D:6      | Killed Pikel
  4991 | D:6      | Reached XP level 9. HP: 73/75 MP: 8/8
  5015 | D:6      | Found a staircase to the Ecumenical Temple.
  5034 | Temple   | Entered the Ecumenical Temple
  5285 | D:6      | Killed Grinder
  5478 | D:6      | Reached skill level 1 in Dodging
  5634 | D:7      | Found Zugovi's Jewellery Boutique.
  5670 | D:7      | Noticed boben's ghost (novice DsAK)
  5832 | D:7      | Killed boben's ghost
  6231 | D:7      | Reached XP level 10. HP: 61/84 MP: 9/9
  6494 | D:7      | Found Jyet's Antique Weapon Shop.
  6783 | D:8      | Found an iron altar of Okawaru.
  6801 | D:8      | Became a worshipper of Warmaster Okawaru
  7251 | D:8      | Noticed a two-headed ogre
  7262 | D:8      | Killed a two-headed ogre
  7262 | D:8      | Reached * piety under Okawaru
  7262 | D:8      | Reached skill level 10 in Shields
  7621 | D:8      | Noticed Psyche
  7629 | D:8      | Killed Psyche
  7712 | D:8      | Gained mutation: You have large cloven feet. [mutagenic meat]
  7713 | D:8      | Gained mutation: You are resistant to hostile enchantments. (MR+) [mutagenic meat]
  7714 | D:8      | Gained mutation: You are resistant to electric shocks. (rElec) [mutagenic meat]
  7716 | D:8      | Gained mutation: You are robust. (+10% HP) [mutagenic meat]
  7717 | D:8      | Gained mutation: Your flesh is cold resistant. (rC+) [mutagenic meat]
  7832 | D:9      | Noticed Erica
  7843 | D:9      | Killed Erica
  7843 | D:9      | Reached ** piety under Okawaru
  7867 | D:9      | Noticed a death knight
  7868 | D:9      | Noticed a cyclops
  7911 | D:9      | Killed a death knight
  7911 | D:9      | Reached *** piety under Okawaru
  7911 | D:9      | Reached XP level 11. HP: 89/102 MP: 10/10
  7970 | D:9      | Got a bound lapis lazuli ring
  7978 | D:9      | Got a bone eveningstar {chaos}
  7982 | D:9      | Gained mutation: You are partially covered in thin metallic scales. (AC +2) [mutagenic meat]
  7984 | D:9      | Identified the +4 eveningstar of Expedience {chaos, rPois Int+3} (You took it off a crimson imp on level 9 of the Dungeon)
  7998 | D:9      | Identified the ring of the Many Planets {rC+ MP+9 Dex+5 SInv} (You took it off a crimson imp on level 9 of the Dungeon)
  8009 | D:9      | Got a slimy leather armour
  8020 | D:9      | Identified the cursed +1 leather armour of Too Many Cooks {rN++} (You found it on level 9 of the Dungeon)
  8073 | D:9      | Got a jewelled ring mail
  8477 | D:9      | Reached **** piety under Okawaru
  8859 | D:10     | Entered Level 10 of the Dungeon
  9166 | D:10     | Reached skill level 1 in Invocations
  9188 | D:10     | Found a staircase to the Lair.
  9428 | D:10     | Identified the +4 ring mail of the Several Realms {MR+ Regen+} (You found it on level 9 of the Dungeon)
  9561 | Lair:1   | Entered Level 1 of the Lair of Beasts
  9605 | Lair:1   | Noticed a catoblepas
  9749 | Lair:1   | Noticed Fannar
  9759 | Lair:1   | Killed Fannar
  9780 | Lair:1   | Reached ***** piety under Okawaru
  9780 | Lair:1   | Reached skill level 15 in Maces & Flails
  9791 | Lair:1   | Killed a catoblepas
  9969 | Lair:1   | Reached XP level 12. HP: 103/113 MP: 13/13
 10374 | Lair:2   | Found a hole to the Spider Nest.
 10681 | Lair:2   | Received a gift from Okawaru
 11179 | Lair:2   | Found a staircase to the Swamp.
 12025 | Lair:3   | Reached skill level 10 in Fighting
 12169 | Lair:4   | Reached skill level 5 in Dodging
 12321 | Lair:4   | Reached ****** piety under Okawaru
 12357 | Lair:4   | Received a gift from Okawaru
 12364 | Lair:4   | Reached XP level 13. HP: 124/124 MP: 15/15
 12382 | Lair:4   | Reached skill level 5 in Invocations
 13191 | Lair:5   | Found a viscous altar of Jiyva.
 13229 | Lair:5   | Found a staircase to the Slime Pits.
 13269 | Lair:5   | Received a gift from Okawaru
 13679 | Lair:6   | Entered Level 6 of the Lair of Beasts
 13679 | Lair:6   | Noticed Snorg
 13689 | Lair:6   | Killed Snorg
 13845 | Lair:6   | Gained mutation: You are highly resistant to hostile enchantments. (MR++) [mutagenic meat]
 14221 | Lair:6   | Received a gift from Okawaru
 14369 | Lair:5   | Reached skill level 10 in Armour
 14579 | Lair:6   | Reached XP level 14. HP: 128/136 MP: 18/18
 14694 | Lair:6   | Received a gift from Okawaru
 14703 | Lair:6   | Got a black opal-encrusted ring mail {god gift}
 14841 | Lair:6   | Identified the +4 ring mail of Misanthropy {-Cast MP+9 Int+6 SInv} (Okawaru gifted it to you on level 6 of the Lair of Beasts)
 15179 | D:11     | Found Lociaquko's Antique Weapon Boutique.
 15606 | D:11     | Gained mutation: You occasionally shout uncontrollably at your foes. [mutagenic meat]
 15607 | D:11     | Gained mutation: You do not regenerate when monsters are visible. [mutagenic meat]
 15982 | D:12     | Noticed Josephine
 15989 | D:12     | Killed Josephine
 16576 | D:12     | Found a staircase to the Orcish Mines.
 16759 | D:12     | Reached skill level 15 in Shields
 16930 | Orc:1    | Entered Level 1 of the Orcish Mines
 17182 | Orc:2    | Entered Level 2 of the Orcish Mines
 17212 | Orc:2    | Noticed an orc warlord
 17320 | Orc:2    | Noticed an orc warlord
 17327 | Orc:1    | Killed an orc warlord
 17407 | Orc:1    | Killed an orc warlord
 17601 | Orc:2    | Found Meamowia's Antique Weapon Shoppe.
 17627 | Orc:2    | Received a gift from Okawaru
 17686 | Orc:2    | Found Zith's General Store.
 17749 | Orc:2    | Found Exezicext's Antique Armour Shoppe.
 17827 | Orc:2    | Found Vokh's Jewellery Boutique.
 17877 | Orc:2    | Found a staircase to the Elven Halls.
 18051 | Orc:2    | Found a bloodstained altar of Trog.
 18343 | Swamp:1  | Entered Level 1 of the Swamp
 18402 | Swamp:1  | Received a gift from Okawaru
 18436 | Swamp:1  | Noticed a thorn hunter
 18462 | Lair:2   | HP: 6/139 [ghost crab] (9)]
 18795 | Swamp:1  | Reached XP level 15. HP: 64/147 MP: 20/20
 18806 | Swamp:1  | Killed a thorn hunter
 18959 | Swamp:1  | Noticed a thorn hunter
 18966 | Swamp:1  | Killed a thorn hunter
 18996 | Swamp:1  | Noticed a thorn hunter
 19003 | Swamp:1  | Killed a thorn hunter
 19751 | Swamp:1  | Gained mutation: You are agile. (Dex +2) [mutagenic meat]
 19752 | Swamp:1  | Lost mutation: You are robust. (+10% HP) [mutagenic meat]
 21161 | Swamp:3  | Lost mutation: You have large cloven feet. [potion of mutation]
 21161 | Swamp:3  | Lost mutation: You occasionally shout uncontrollably at your foes. [potion of mutation]
 21161 | Swamp:3  | Lost mutation: Your flesh is cold resistant. (rC+) [potion of mutation]
 21161 | Swamp:3  | Gained mutation: You passively map a small area around you. [potion of mutation]
 21162 | Swamp:3  | Lost mutation: You are agile. (Dex +2) [potion of mutation]
 21162 | Swamp:3  | Lost mutation: You are resistant to electric shocks. (rElec) [potion of mutation]
 21162 | Swamp:3  | Lost mutation: You are highly resistant to hostile enchantments. (MR++) [potion of mutation]
 21162 | Swamp:3  | Lost mutation: You are partially covered in thin metallic scales. (AC +2) [potion of mutation]
 21162 | Swamp:3  | Lost mutation: You do not regenerate when monsters are visible. [potion of mutation]
 21162 | Swamp:3  | Lost mutation: You passively map a small area around you. [potion of mutation]
 21162 | Swamp:3  | Lost mutation: You are resistant to hostile enchantments. (MR+) [potion of mutation]
 21162 | Swamp:3  | Gained mutation: Your mind is acute. (Int +2) [potion of mutation]
 21162 | Swamp:3  | Gained mutation: You evolve. [potion of mutation]
 21163 | Swamp:3  | Lost mutation: Your mind is acute. (Int +2) [potion of mutation]
 21163 | Swamp:3  | Gained mutation: Scrolls take you a little longer to read. [potion of mutation]
 21163 | Swamp:3  | Gained mutation: You passively map a small area around you. [potion of mutation]
 21164 | Swamp:3  | Lost mutation: Scrolls take you a little longer to read. [potion of mutation]
 21164 | Swamp:3  | Lost mutation: You passively map a small area around you. [potion of mutation]
 21164 | Swamp:3  | Lost mutation: You evolve. [potion of mutation]
 21164 | Swamp:3  | Gained mutation: You are resistant to electric shocks. (rElec) [potion of mutation]
 21164 | Swamp:3  | Gained mutation: Your system is resistant to poisons. (rPois) [potion of mutation]
 21165 | Swamp:3  | Lost mutation: Your system is resistant to poisons. (rPois) [potion of mutation]
 21165 | Swamp:3  | Lost mutation: You are resistant to electric shocks. (rElec) [potion of mutation]
 21165 | Swamp:3  | Gained mutation: You have sharp toenails. [potion of mutation]
 21165 | Swamp:3  | Gained mutation: You are partially covered in iridescent scales. (AC +2) [potion of mutation]
 21165 | Swamp:3  | Gained mutation: You possess an exceptional clarity of mind. [potion of mutation]
 21166 | Swamp:3  | Lost mutation: You possess an exceptional clarity of mind. [potion of mutation]
 21166 | Swamp:3  | Lost mutation: You have sharp toenails. [potion of mutation]
 21166 | Swamp:3  | Lost mutation: You are partially covered in iridescent scales. (AC +2) [potion of mutation]
 21166 | Swamp:3  | Gained mutation: You have a somewhat thin skeletal structure. (Dex +2, Stealth) [potion of mutation]
 21166 | Swamp:3  | Gained mutation: You are occasionally teleported next to monsters. [potion of mutation]
 21166 | Swamp:3  | Gained mutation: You tend to lose your temper in combat. [potion of mutation]
 21166 | Swamp:3  | Gained mutation: You have very sharp teeth. [potion of mutation]
 21311 | Swamp:3  | Noticed Jorgrun
 21325 | Swamp:3  | Noticed Aizul
 21338 | Swamp:3  | Killed Aizul
 21338 | Swamp:3  | Received a gift from Okawaru
 21429 | Swamp:3  | Lost mutation: You tend to lose your temper in combat. [potion of mutation]
 21429 | Swamp:3  | Lost mutation: You have a somewhat thin skeletal structure. (Dex +2, Stealth) [potion of mutation]
 21429 | Swamp:3  | Gained mutation: Your flesh is heat resistant. (rF+) [potion of mutation]
 21429 | Swamp:3  | Gained mutation: You evolve. [potion of mutation]
 21429 | Swamp:3  | Gained mutation: Your system is resistant to poisons. (rPois) [potion of mutation]
 21436 | Swamp:3  | Gained mutation: You are resistant to hostile enchantments. (MR+) [evolution]
 21457 | Swamp:3  | Lost mutation: Your flesh is heat resistant. (rF+) [potion of mutation]
 21457 | Swamp:3  | Lost mutation: You evolve. [potion of mutation]
 21457 | Swamp:3  | Gained mutation: You are dopey. (Int -2) [potion of mutation]
 21457 | Swamp:3  | Gained mutation: You expend magic power (3 MP) to strengthen your wands. [potion of mutation]
 21457 | Swamp:3  | Gained mutation: You can translocate small distances at will. [potion of mutation]
 21531 | Swamp:3  | Killed Jorgrun
 21886 | Swamp:4  | Entered Level 4 of the Swamp
 22044 | Swamp:4  | Received a gift from Okawaru
 22045 | Swamp:4  | Got a crude double sword {god gift}
 22463 | Swamp:4  | Reached XP level 16. HP: 84/145 MP: 21/21
 22879 | Swamp:4  | Received a gift from Okawaru
 22923 | Swamp:4  | Identified the +2 double sword of the Lame Duck {freeze, rC+} (Okawaru gifted it to you on level 4 of the Swamp)
 22934 | Swamp:4  | Got a decaying rune of Zot
 23623 | Spider:1 | Entered Level 1 of the Spider Nest
 23709 | Spider:1 | Reached skill level 10 in Dodging
 24040 | Spider:1 | Received a gift from Okawaru
 24042 | Spider:1 | Got a pair of spiked boots {god gift}
 24159 | Spider:1 | Got a warped pewter amulet
 24170 | Spider:1 | Identified the +2 pair of boots of the Villain {+Blink Int+4} (Okawaru gifted it to you on level 1 of the Spider Nest)
 24206 | Spider:1 | Noticed Asterion
 24230 | Spider:1 | Killed Asterion
 24256 | Spider:1 | Identified the amulet "Sistuw" {+Rage Int+3} (You found it on level 1 of the Spider Nest)
 25625 | Spider:3 | Reached XP level 17. HP: 85/154 MP: 22/22
 25696 | Spider:2 | Received a gift from Okawaru
 25700 | Spider:2 | Got a jewelled great mace {god gift}
 26189 | Spider:4 | Entered Level 4 of the Spider Nest
 26860 | Spider:4 | Reached skill level 15 in Fighting
 26917 | Spider:4 | HP: 3/156 [wolf spider (7)]
 26925 | Spider:4 | HP: 5/156 [wolf spider (8)]
 26925 | Spider:4 | Slain by a wolf spider

Skill      XL: |  1  2  3  4  5  6  7  8  9 10 11 12 13 14 15 16 17 |
---------------+----------------------------------------------------+-----
Shields        | 4 5 7 9 11 12 14 16 17 19 | 19.8
Maces & Flails | 3 4 5 7 8 10 12 13 15 16 17 18 19 | 19.1
Armour         | 4 5 6 7 8 9 10 11 | 11.6
Fighting       | 4 5 6 7 8 10 11 12 13 14 15 | 15.0
Dodging        | 1 2 3 5 6 7 9 10 11 | 11.2
Invocations    | 2 4 6 8 9 |  9.0

Action                   |  1- 3 |  4- 6 |  7- 9 | 10-12 | 13-15 | 16-18 || total
-------------------------+-------+-------+-------+-------+-------+-------++-------
Melee: Flail             |    98 |   146 |   368 |   259 |       |       ||   871
       Headbutt          |    10 |    23 |    62 |   178 |   338 |   249 ||   860
       Morningstar       |       |       |       |   180 |       |       ||   180
       Eveningstar       |       |       |       |   333 |  1087 |       ||  1420
       Demon whip        |       |       |       |       |   126 |   835 ||   961
       Bite              |       |       |       |       |    26 |   141 ||   167
Invok: Heroism           |       |       |       |     2 |    10 |     5 ||    17
       Finesse           |       |       |       |       |    10 |     4 ||    14
  Use: Potion            |       |     1 |     3 |     3 |    10 |     5 ||    22
       Scroll            |       |       |     6 |     2 |    14 |       ||    22
 Stab: Paralysed         |       |       |       |     4 |     8 |       ||    12
       Confused          |       |       |       |     4 |     3 |     1 ||     8
       Petrifying        |       |       |       |       |     4 |       ||     4
  Eat: Chunk             |     1 |     5 |    12 |    31 |    43 |    14 ||   106
       Fruit             |       |       |       |       |     5 |       ||     5
       Bread ration      |       |       |       |       |     1 |       ||     1
Armor: Scale mail        |    21 |       |       |       |       |       ||    21
       Plate armour      |    48 |    77 |   144 |   115 |       |       ||   384
       Skin              |       |       |     3 |       |       |       ||     3
       Leather armour    |       |       |       |    28 |       |       ||    28
       Ring mail         |       |       |       |    66 |   293 |   264 ||   623
Dodge: Dodged            |    14 |    22 |    49 |   122 |   437 |   469 ||  1113
Block: Shield            |    50 |    60 |    50 |       |       |       ||   160
       Large shield      |       |       |   244 |   565 |  1256 |   975 ||  3040
